 Dungeon Crawl Stone Soup version 0.29.1-1-gd02db6906a (webtiles) character file.

Game seed: 6473385412778456137

98 oldmanjim the Shield-Bearer (level 4, 0/41 HPs)
             Began as a Hill Orc Fighter on Sept 16, 2022.
             Succumbed to an adder's poison
             ... on level 3 of the Dungeon.
             The game lasted 00:08:06 (1981 turns).

oldmanjim the Shield-Bearer (Hill Orc Fighter)      Turns: 1981, Time: 00:08:06

Health: 0/41       AC:  8    Str: 20    XL:     4   Next: 71%
Magic:  4/4        EV:  9    Int: 14    God:
Gold:   172        SH:  4    Dex: 10    Spells: 3/3 levels left

rFire   . . .      SeeInvis .   a - +0 war axe
rCold   . . .      Faith    .   c - +0 buckler
rNeg    . . .      Spirit   .   b - +0 scale mail
rPois   .          Reflect  .   (no helmet)
rElec   .          Harm     .   i - +0 cloak
rCorr   .          Rampage  .   (no gloves)
Will    .....                   (no boots)
Stlth   ..........              (no amulet)
HPRegen 0.13/turn               g - +6 ring of intelligence
MPRegen 0.09/turn               (no ring)

@: mighty, lethally poisoned (0 -> -3), hasted, slow
A: no striking features
a: no special abilities


You were on level 3 of the Dungeon.
You visited 1 branch of the dungeon, and saw 3 of its levels.

You collected 172 gold pieces.

Inventory:

Hand Weapons
 a - a +0 war axe (weapon)
 m - a +2 dagger of protection
Missiles
 f - 17 stones (quivered)
Armour
 b - a +0 scale mail (worn)
 c - a +0 buckler (worn)
 i - a +0 cloak (worn)
Jewellery
 g - a +6 ring of intelligence (left hand)
Scrolls
 e - a scroll of blinking {unknown}
 h - a scroll of immolation {unknown}
 j - a scroll of teleportation {unknown}
 l - a scroll of fear {unknown}
 n - a scroll of enchant armour {unknown}
 o - a scroll of identify {unknown}
Potions
 d - a potion of might
 k - a potion of haste
 p - a potion of attraction {unknown}
 q - a potion of brilliance {unknown}


   Skills:
 + Level 4.4 Fighting
 + Level 3.9 Axes
 - Level 3.2 Armour
 * Level 4.7 Shields


You had 3 spell levels left.
You didn't know any spells.
Your spell library contained the following spells:

 Spells                   Type           Power      Damage    Failure   Level
 Magic Dart               Conj           0%         1d3       71%         1
 Slow                     Hex            0%         N/A       71%         1
 Call Imp                 Summ           0%         N/A       85%         2
 Mephitic Cloud           Conj/Pois/Air  0%         N/A       97%         3


Dungeon Overview and Level Annotations

Branches:
Dungeon (3/15)

Altars:
The Shining One

Annotations:
D:3 2 transporters, 1 runed translucent door, ratmagoo's ghost, amateur GnWn


Message History

The adder is heavily wounded.
You hit the adder.
You feel sick. The adder closely misses you.
The adder bites you but does no damage. x2
You miss the adder.
The adder is heavily wounded.
You hit the adder.
You kill the adder!
You feel sick.
You are no longer poisoned.
The adder bites you but does no damage. x2
Your unstable footing causes you to fumble your attack.
The adder barely misses you.
A rat comes into view.
The adder bites you but does no damage.
You hit the adder.
The adder is heavily wounded.
The adder bites you.
* * * LOW HITPOINT WARNING * * *
You are poisoned.
The adder poisons you! The adder bites you but does no damage.
Your unstable footing causes you to fumble your attack.
You feel sick. The adder closely misses you.
Your unstable footing causes you to fumble your attack.
You feel sick. The adder barely misses you. x2
You closely miss the adder.
The adder is heavily wounded.
You feel sick.
You are no longer poisoned.
The adder bites you.
* * * LOW HITPOINT WARNING * * *
You are lethally poisoned!
The adder poisons you! The adder barely misses you.
Your unstable footing causes you to fumble your attack.
* * * LOW HITPOINT WARNING * * *
You feel sick.
The adder bites you but does no damage. x2
You feel very mighty all of a sudden.
* * * LOW HITPOINT WARNING * * *
You feel sick. The adder closely misses you.
It was a potion of haste.
You feel yourself speed up.
You die...

..# .. ..# #.# ..#
#..# .## ###..## #
## ####.....##.#
#####
######..........$#
#...
<..##....~......#
#.##
#.##..~~~~~.~..#
...##
#...####@#~#~~.#
....##
#.###~rS~~~~~~##
.....#
#.###~#########
.....####...#
...#.#......#
#.##.#.##.###
........#.#
#.##.##.#.#
#.##.##>#.#


You could see an adder and a rat.

Vanquished Creatures
  A gnoll (D:1)
  3 river rats (D:3)
  An adder (D:3)
  A worm (D:2)
  An orc (D:3)
  3 ball pythons
  4 bats
  8 endoplasms
  A giant cockroach (D:1)
  8 hobgoblins
  4 kobolds
  3 quokkas
  A frilled lizard (D:1)
  2 goblins
  4 rats
45 creatures vanquished.

Vanquished Creatures (others)
  3 fungi (D:3)
3 creatures vanquished.

Grand Total: 48 creatures vanquished

Notes
Turn   | Place    | Note
-------+----------+-------------------------------------------
     0 | D:1      | oldmanjim the Hill Orc Fighter began the quest for the Orb.
     0 | D:1      | Reached XP level 1. HP: 19/19 MP: 1/1
   205 | D:1      | Reached XP level 2. HP: 27/27 MP: 2/2
   466 | D:1      | HP: 1/27 [gnoll/+0 flail (4)]
   468 | D:1      | Reached XP level 3. HP: 2/33 MP: 3/3
   961 | D:1      | Found a faded altar of an unknown god.
   964 | D:1      | Got Plato's Cyclopedia of Imprecation
  1146 | D:2      | Found a glowing golden altar of the Shining One.
  1745 | D:3      | Noticed a scorpion
  1745 | D:3      | Noticed ratmagoo's ghost (amateur GnWn)
  1745 | D:3      | Found a transporter.
  1749 | D:3      | Found a transporter.
  1808 | D:3      | Reached XP level 4. HP: 40/40 MP: 4/4
  1929 | D:3      | Found a runed translucent door.
  1979 | D:3      | HP: 2/41 [poisoned by an adder]
  1981 | D:3      | Succumbed to an adder's poison

Illustrated notes

Levels and vault maps discovered:
D:1:      dpeg_arrival_court, layout_rooms, shapermc_ecumenical_altar_rom_forum,
          minmay_door_square, ebering_dispersal_statue_hall
D:2:      layout_rooms, basic_altar
D:3:      layout_loops_ring, lightli_sewer_entry_pipes, gammafunk_ghost_arena,
          uniq_crazy_yiuf_cottage

Skill      XL: |  1  2 |
---------------+-------+-----
Axes           | 3 |  3.9
Fighting       | 4 |  4.4
Shields        | 4 |  4.7
Armour         | |  3.2

Action                   |  1- 3 |  4- 6 || total
-------------------------+-------+-------++-------
Melee: War axe           |   101 |    30 ||   131
  Use: Potion            |       |     2 ||     2
Armor: Scale mail        |    41 |    14 ||    55
Dodge: Dodged            |    54 |    18 ||    72
Block: Buckler           |    26 |     6 ||    32
